 Seeded DCSS version 0.30-a0-989-g0d87f670db (webtiles) character file.

Game seed: 3849191801866797240 (custom seed)

4581 bmack86 the Cleaver (level 10, -1/88 HPs)
             Began as a Minotaur Fighter on Apr 3, 2023.
             Was an Elder of Okawaru.
             Slain by a troll (4 damage)
             ... on level 8 of the Dungeon.
             The game lasted 00:16:21 (5945 turns).

bmack86 the Cleaver (Minotaur Fighter)              Turns: 5945, Time: 00:16:21

Health: -1/88      AC: 20    Str: 31    XL:     10   Next: 18%
Magic:  12/12      EV:  5    Int:  5    God:    Okawaru [****..]
Gold:   233        SH: 10    Dex: 10    Spells: 9/9 levels left

rFire   + + .      SeeInvis .    a - +0 war axe
rCold   + . .      Faith    .    c - +0 buckler
rNeg    . . .      Spirit   .    o - +0 gold dragon scales
rPois   +          Reflect  +    (helmet restricted)
rElec   .          Rampage  .    m - +0 cloak
rCorr   .                        (no gloves)
Will    .....                    h - +1 pair of boots Stlth
                                 q - amulet of reflection
HPRegen 0.34/turn                l - ring of protection from fire
MPRegen 0.13/turn                s - +6 ring of strength

@: no status effects
A: horns 2, retaliatory headbutt
a: Renounce Religion, Heroism, Finesse


You were on level 8 of the Dungeon.
You worshipped Okawaru.
Okawaru was greatly pleased with you.
You visited 2 branches of the dungeon, and saw 9 of its levels.

You collected 374 gold pieces.
You spent 141 gold pieces at shops.

Inventory:

Hand Weapons
 a - a +0 war axe (weapon)
Missiles
 r - 11 poisoned darts (quivered)
 y - 2 boomerangs
Armour
 c - a +0 buckler (worn)
 h - a +1 pair of boots (worn)
 m - a +0 cloak (worn)
 o - +0 gold dragon scales (worn)
Jewellery
 g - a ring of protection from cold
 l - a ring of protection from fire (left hand)
 n - an amulet of magic regeneration
 q - an amulet of reflection (around neck)
 s - a +6 ring of strength (right hand)
 D - an amulet of guardian spirit
 G - a ring of protection from cold
Wands
 A - a wand of paralysis (18)
 F - a wand of quicksilver (7)
 I - a wand of flame (27)
Scrolls
 b - a scroll of torment
 d - a scroll of poison
 e - 6 scrolls of teleportation
 i - 2 scrolls of noise
 k - a scroll of fog
 v - a scroll of amnesia
 w - a scroll of blinking
 C - a scroll of fear
 H - a scroll of silence
Potions
 f - 2 potions of flight
 j - 3 potions of brilliance
 p - 3 potions of curing
 t - a potion of mutation
 u - a potion of attraction
 x - a potion of cancellation
 z - 4 potions of lignification
 B - a potion of heal wounds
 E - a potion of haste


   Skills:
 + Level 7.9 Fighting
 * Level 10.3 Axes
 + Level 5.3 Throwing
 + Level 7.9 Armour
 + Level 7.9 Shields
 + Level 4.2 Invocations


You had 9 spell levels left.
You didn't know any spells.
Your spell library was empty.

Dungeon Overview and Level Annotations

Branches:
Dungeon (8/15)             Temple (1/1) D:6
   Lair: D:8-11

Altars:
Ashenzari
Cheibriados
Dithmenos
Elyvilon
Hepliaklqana
Kikubaaqudgha
Makhleb
Nemelex Xobeh
Okawaru
Qazlal
Ru
Sif Muna
Trog
Uskayaw
Vehumet
Wu Jian
Xom
Yredelemnul
Zin
The Shining One

Shops:
D:2 [   D:6 ?


Innate Abilities, Weirdness & Mutations

You have a pair of horns on your head.
You reflexively headbutt those who attack you in melee.


Message History

The troll barely misses you. The troll claws you!
* * * LOW HITPOINT WARNING * * *
You feel much better. The troll bites you but does no damage.
The troll claws you but does no damage. You block the troll's attack.
You slash the troll!
The troll is moderately wounded.
The troll bites you but does no damage. The troll claws you but does no damage.
The troll claws you.
You slash the troll! Your headbutt misses the troll.
The troll is heavily wounded.
The troll bites you!
* * * LOW HITPOINT WARNING * * *
The troll claws you.
* * * LOW HITPOINT WARNING * * *
You block the troll's attack.
You barely miss the troll.
The troll is heavily wounded.
Prince Ribbit catches a mosquito with his tongue.
Prince Ribbit blinks!
You block the troll's attack. x2
The troll claws you but does no damage.
You hit the troll.
The troll is heavily wounded.
You miss Prince Ribbit.
Prince Ribbit hits you but does no damage.
The troll bites you!
* * * LOW HITPOINT WARNING * * *
The troll claws you.
* * * LOW HITPOINT WARNING * * *
The troll claws you but does no damage.
You slice Prince Ribbit!!
You kill Prince Ribbit!
Okawaru accepts your kill.
Prince Ribbit returns to his original shape as he dies.
You barely miss the troll. You block the troll's attack.
The troll claws you but does no damage. You block the troll's attack.
Unknown command.
The troll attacks as you move away! The troll bites you!
* * * LOW HITPOINT WARNING * * *
The troll barely misses you. The troll claws you.
You die...

#.........#
###....
#.#######..#
###.. #.# ###
#.# ##
.#########.#
.....
#.......)..#
#####
###..####.)# ###
#
#......#######.#
###..
###..#.†@T()...#
#....
#########†..##
...## ....#
#.#.# .# # .. ##


You could see a troll.

Vanquished Creatures
  The ghost of jimonade the Chopper, a novice HOFi of Beogh (D:6)
  Pikel (D:7)
  A cyclops (D:8)
  Joseph (D:7)
  An efreet (D:8)
  Prince Ribbit (D:8)
  A yak (D:8)
  A basilisk (D:8)
  A steam dragon (D:8)
  An acid dragon (D:8)
  A water moccasin (D:8)
  A sky beast (D:8)
  An orc warrior (D:7)
  3 ice beasts
  2 centaurs
  An ogre (D:5)
  A phantom (D:6)
  A kobold brigand (D:8)
  A lemure (D:7)
  3 bullfrogs
  A scorpion (D:5)
  4 wights (D:7)
  A killer bee (D:8)
  3 howler monkeys
  2 orc priests (D:7)
  7 hounds
  3 iguanas
  A sleepcap (D:4)
  10 adders
  2 shadow imps
  A white imp (D:7)
  An ufetubus (D:6)
  2 worms (D:2)
  2 dart slugs
  9 orcs
  4 bats
  9 endoplasms
  6 goblins
  A hobgoblin (D:1)
  6 jackals (D:2)
  10 kobolds
  2 quokkas
  8 ball pythons
  A frilled lizard (D:1)
  4 rats
125 creatures vanquished.

Notes
Turn   | Place    | Note
-------+----------+-------------------------------------------
     0 | D:1      | bmack86 the Minotaur Fighter began the quest for the Orb.
     0 | D:1      | Reached XP level 1. HP: 19/19 MP: 0/0
   171 | D:1      | Found a faded altar of an unknown god.
   416 | D:1      | Reached XP level 2. HP: 25/27 MP: 1/1
   680 | D:1      | Reached skill level 3 in Axes
   993 | D:2      | Found Kiuhuodups's Armour Shop.
  1028 | D:2      | Reached XP level 3. HP: 28/33 MP: 2/2
  1271 | D:2      | Reached XP level 4. HP: 32/40 MP: 3/3
  1502 | D:2      | Bought a +0 pair of boots for 63 gold pieces
  1658 | D:3      | Reached skill level 4 in Axes
  2415 | D:4      | Reached XP level 5. HP: 47/47 MP: 4/4
  3192 | D:4      | Reached skill level 1 in Throwing
  3211 | D:5      | Entered Level 5 of the Dungeon
  3260 | D:5      | Noticed an ogre
  3262 | D:5      | Killed an ogre
  3263 | D:5      | Reached skill level 5 in Axes
  3263 | D:5      | Reached XP level 6. HP: 53/53 MP: 5/5
  3306 | D:5      | Reached skill level 5 in Shields
  3426 | D:5      | Reached skill level 5 in Armour
  3522 | D:5      | Noticed an ice beast
  3532 | D:5      | Killed an ice beast
  3533 | D:5      | Reached skill level 5 in Fighting
  3597 | D:5      | Reached XP level 7. HP: 59/61 MP: 6/6
  3704 | D:6      | Reached skill level 6 in Axes
  3973 | D:6      | Found Luiskee's Magic Scroll Emporium.
  3976 | D:6      | Bought a scroll of identify for 26 gold pieces
  3976 | D:6      | Bought a scroll of identify for 26 gold pieces
  3976 | D:6      | Bought a scroll of identify for 26 gold pieces
  4014 | D:6      | Found a runed translucent door.
  4014 | D:6      | Noticed jimonade's ghost (novice HOFi)
  4068 | D:6      | Found a staircase to the Ecumenical Temple.
  4078 | Temple   | Entered the Ecumenical Temple
  4250 | Temple   | Became a worshipper of Warmaster Okawaru
  4437 | D:6      | Killed jimonade's ghost
  4437 | D:6      | Reached * piety under Okawaru
  4437 | D:6      | Reached ** piety under Okawaru
  4438 | D:6      | Reached skill level 7 in Axes
  4438 | D:6      | Reached skill level 1 in Invocations
  4438 | D:6      | Reached XP level 8. HP: 49/70 MP: 6/8
  4741 | D:7      | Reached skill level 8 in Axes
  4918 | D:7      | Reached *** piety under Okawaru
  4919 | D:7      | Reached XP level 9. HP: 74/78 MP: 9/9
  4961 | D:7      | Noticed Pikel
  4967 | D:7      | Paralysed by Pikel for 3 turns
  4975 | D:7      | Killed Pikel
  4976 | D:7      | Reached skill level 9 in Axes
  5154 | D:7      | Noticed Joseph
  5174 | D:7      | Killed Joseph
  5570 | D:8      | Reached **** piety under Okawaru
  5832 | D:8      | Noticed a cyclops
  5837 | D:8      | Received a gift from Okawaru
  5855 | D:8      | Killed a cyclops
  5856 | D:8      | Reached skill level 10 in Axes
  5856 | D:8      | Reached skill level 5 in Throwing
  5897 | D:8      | Noticed Prince Ribbit
  5899 | D:8      | Noticed an efreet
  5912 | D:8      | Killed an efreet
  5913 | D:8      | Reached XP level 10. HP: 45/88 MP: 10/12
  5917 | D:8      | Received a gift from Okawaru
  5944 | D:8      | Killed Prince Ribbit
  5945 | D:8      | HP: 3/88 [troll (8)]
  5945 | D:8      | Slain by a troll

Illustrated notes

Levels and vault maps discovered:
D:1:      amcnicky_arrival_choice, layout_loops_corners,
          shapermc_ecumenical_altar_totnotflames, minmay_tromino_v7
D:2:      kennysheep_big_flooded_room, layout_rooms, serial_shops,
          nicolae_diamond_shop
D:3:      layout_loops_corners
D:4:      layout_cave_pods, hangedman_decor_push
D:5:      layout_basic
D:6:      layout_rooms, minmay_temple_entry_trees, serial_shops,
          nicolae_shop_hallway_stairs, hellmonk_ghost_happy_afterlife
D:7:      layout_basic, uniq_pikel, uniq_joseph
D:8:      minmay_the_grid_four_pointed_star [minmay_the_grid_triangle_9x9_cache,
          minmay_the_grid_triangle_9x9_wacky_v,
          minmay_the_grid_triangle_9x9_from_above,
          minmay_the_grid_triangle_9x9_minimal,
          minmay_the_grid_prize_shrinking_boxes], layout_layer_cave,
          uniq_prince_ribbit1
Temple:   nicolae_temple_slightly_damp_pantheon

Skill      XL: |  1  2  3  4  5  6  7  8  9 |
---------------+----------------------------+-----
Axes           | 3 4 5 7 8 10 | 10.3
Fighting       | 4 5 6 7 |  7.9
Shields        | 4 5 6 7 |  7.9
Armour         | 4 5 6 7 |  7.9
Throwing       | 1 2 3 4 5 |  5.3
Invocations    | 1 2 4 |  4.2

Action                     |  1- 3 |  4- 6 |  7- 9 | 10-12 || total
---------------------------+-------+-------+-------+-------++-------
  Melee: War axe           |    78 |    90 |   185 |    20 ||   373
         Headbutt          |     4 |    14 |    40 |     3 ||    61
  Throw: Dart              |       |    13 |     3 |       ||    16
 Invoke: Heroism           |       |       |     2 |       ||     2
    Use: Scroll            |     2 |    15 |     7 |       ||    24
         Potion            |       |     1 |     1 |     1 ||     3
 Armour: Scale mail        |    18 |       |       |       ||    18
         Gold dragon scale |    69 |    62 |   113 |    33 ||   277
  Dodge: Dodged            |    25 |    10 |    25 |     5 ||    65
  Block: Buckler           |    33 |    64 |    86 |    13 ||   196
         Reflection        |     2 |     8 |     3 |       ||    13

Table legend: (Time is in decaauts)
 A = Elapsed time spent in this place.
 B = Non-inter-level travel time spent in this place.
 C = Inter-level travel time spent in this place.
 D = Time resting spent in this place.
 E = Time spent auto-exploring this place.
 F = Levels seen in this place.
 G = Mean time per level.
                   A        B        C        D        E       F      G
               +--------+--------+--------+--------+--------+-----+--------+
         Total |   6017 |   5836 |    181 |     25 |   4280 |   9 |  668.6 |
       Dungeon |   5825 |   5662 |    163 |     25 |   4135 |   8 |  728.1 |
        Temple |    191 |    173 |     18 |      0 |    145 |   1 |  191.0 |
               +--------+--------+--------+--------+--------+-----+--------+

Top non-repeatable levels by time:
     D:7: 1046 daAuts
     D:4: 928 daAuts
     D:1: 888 daAuts
     D:3: 765 daAuts
     D:2: 678 daAuts
     D:6: 645 daAuts
     D:5: 489 daAuts
     D:8: 383 daAuts
  Temple: 191 daAuts
